Map: Ultralove

Players

Carbine - Winner!

  • Race: Protoss Protoss
  • League: Master
  • Spawn Location: 1:00

FinalBeaking

  • Race: Zerg Zerg
  • League: Master
  • Spawn Location: 7:00

VOD

Have the link to the VOD?

Description

Time

  • Played on: July 8, 2025, 4:12 a.m.
  • Length: 2:58
Show
View Real Time Build Order
Export as new Build Order

Carbine Protoss - Winner!

Build Orders: Cannon Rush 

Get SALT Encoding   

  1  0:00  Probe  
  12  0:04  Probe  
  14  0:14  Probe  
  15  0:24  Pylon  
  15  0:42  Probe  
  16  0:45  Forge  
  16  0:54  Probe  
  16  0:56  Pylon  
  17  1:06  Probe  
  18  1:12  Pylon  
  18  1:14  Pylon  
  19  1:18  Probe  
  19  1:21  Photon Cannon  
  19  1:30  Probe  
  19  1:31  Pylon  
  20  1:35  Gateway  
  20  1:47  Photon Cannon  
  20  1:57  Photon Cannon  
  18  2:10  Probe  
  19  2:25  Gateway  
  19  2:26  Cybernetics Core  
  19  2:27  Photon Cannon  
  19  2:31  Probe  
  20  2:43  Probe  
Show
View Real Time Build Order
Export as new Build Order

FinalBeaking Zerg 

Build Orders: Pool First 

Get SALT Encoding   

  12  0:00  Drone  
  13  0:08  Drone  
  14  0:16  Overlord  
  14  0:22  Extractor, Drone  
  15  0:34  Drone x2  
  17  0:43  Spawning Pool  
  17  0:47  Drone  
  17  1:29  Zergling x6  
  20  1:40  Zergling x2  
  20  1:58  Zergling x2  
  17  2:12  Drone  
  17  2:25  Drone x2  
  19  2:36  Zergling x2  
  20  2:39  Hatchery  
Tags
 
Add a new tag
Caveats
  • Supply blocks, unpowered buildings, or Contaminate may cause inaccurate times.
  • Supply counts are checked every 10 seconds.